[Event "Schack-SM 2022: Sverigemastarklassen"]
[Site "Fyrishov, Idrottsgatan 2, Uppsala, Sweden"]
[Date "2022.07.07"]
[Round "6.5"]
[White "Blomqvist, Erik"]
[Black "Jogstad, Martin"]
[Result "1-0"]
[TimeControl "90 minutes for 40 moves + 30 minutes for the rest of the game + 30 seconds per move from move one."]
[WhiteTitle "GM"]
[BlackTitle "FM"]
[WhiteFideId "1709437"]
[BlackFideId "1715364"]
[WhiteElo "2521"]
[BlackElo "2384"]

1. e4 c6 2. d4 d5 3. e5 Bf5 4. h4 h5 5. c4 e6 6. Nc3 dxc4 7. Bxc4 Nd7 8. Nge2 Nh6 9. Ng3 Bg6 10.
Be2 Qb6 11. a3 Rd8 12. Bg5 Be7 13. Na4 Qc7 14. Bxe7 Kxe7 15. Qc1 Qa5+ 16. Nc3 Qb6 17. Qg5+ Ke8 18. O-O-O Nf8 19. Bxh5 Nh7 20.
Qf4 Bxh5 21. Nxh5 Nf5 22. g4 Rxd4 23. Rxd4 Nxd4 24. Rd1 c5 25. Nxg7+ Ke7 26. Nf5+ exf5 27. Rxd4 Qa6 28. Rd6 Qf1+ 29.
Rd1 Qa6 30. gxf5 Rd8 31. Nd5+ Kf8 32. e6 Kg8 33. Ne7+ Kg7 34. Rxd8 f6 35. Rg8# 1-0

[Event "Schack-SM 2022: Sverigemastarklassen"]
[Site "Fyrishov, Idrottsgatan 2, Uppsala, Sweden"]
[Date "2022.07.06"]
[Round "5.1"]
[White "Smith, Axel"]
[Black "Westerberg, Jonathan"]
[Result "0-1"]
[TimeControl "90 minutes for 40 moves + 30 minutes for the rest of the game + 30 seconds per move from move one."]
[WhiteTitle "GM"]
[BlackTitle "GM"]
[WhiteFideId "1707930"]
[BlackFideId "1701754"]
[WhiteElo "2417"]
[BlackElo "2476"]

1. e4 c5 2. Nf3 Nc6 3. Bb5 g6 4. O-O Bg7 5. c3 Nf6 6. d4 Nxe4 7. d5 Nb8 8. Re1 Nd6 9. Bd3 O-O 10.
h4 Ne8 11. h5 d6 12. hxg6 hxg6 13. Ng5 Nf6 14. c4 Nbd7 15. f4 Nh7 16. Nxh7 Kxh7 17. Nd2 Bd4+ 18. Kf1 f5 19. Nf3 Bf6 20. Qc2 Kg7 21. a4 Re8 22.
g4 fxg4 23. Nh2 Rh8 24. Nxg4 Bh4 25. Bd2 Bxe1 26. Rxe1 Rh1+ 27. Kg2 Rxe1 28. Bxe1 Nf6 29. Nf2 Qe8 30. Bc3 Bf5 31. Ne4 Bxe4+ 32. Bxe4 Qf7 33. Bf3 Rh8 34.
a5 Qe8 35. Qe2 Qd7 36. Bg4 Qe8 37. Qe6 Rf8 38. Qe2 Rh8 39. Qe6 Qf7 40. Qe2 b6 41. Be6 Qe8 42. a6 Kf8 43. Qd3 Rh7 44.
b3 Kg7 45. Qe3 b5 46. Bh3 bxc4 47. bxc4 Kf8 48. Qe6 Rf7 49. Bd2 Qa4 50. f5 g5 51. Qe2 Qxa6 52. Kf2 Qa2 53. Bg2 Qc2 54.
Kg1 Qxf5 55. Be1 Qf4 56. Bf3 g4 57. Bg2 g3 58. Qd3 Ng4 59. Qxg3 Qxg3 60. Bxg3 Ne3 61. Bh3 Rf3 62. Kh2 Nf1+ 63. Bxf1 Rxf1 64.
Kh3 Rc1 65. Bf4 Rxc4 0-1

[Event "Schack-SM 2022: Sverigemastarklassen"]
[Site "Fyrishov, Idrottsgatan 2, Uppsala, Sweden"]
[Date "2022.07.06"]
[Round "5.2"]
[White "Blomqvist, Erik"]
[Black "Cramling, Pia"]
[Result "1-0"]
[TimeControl "90 minutes for 40 moves + 30 minutes for the rest of the game + 30 seconds per move from move one."]
[WhiteTitle "GM"]
[BlackTitle "GM"]
[WhiteFideId "1709437"]
[BlackFideId "1700030"]
[WhiteElo "2521"]
[BlackElo "2459"]

1. e4 c5 2. Nf3 d6 3. d4 cxd4 4. Nxd4 Nf6 5. Nc3 Nc6 6. Bg5 e6 7. Qd2 a6 8. O-O-O Bd7 9. Kb1 Be7 10.
f3 Nxd4 11. Qxd4 Qc7 12. h4 Rc8 13. Qd2 b5 14. Ne2 b4 15. g4 O-O 16. Nd4 Rfd8 17. Bd3 Be8 18. h5 a5 19. Be3 Nd7 20.
g5 Nc5 21. Qh2 a4 22. Bb5 b3 23. Bxe8 Rxe8 24. g6 Bf6 25. Nb5 Qb8 26. gxf7+ Kxf7 27. Nxd6+ Kg8 28. cxb3 axb3 29. a3 Bxb2 30.
Bxc5 Rxc5 31. Qxb2 1-0

[Event "Schack-SM 2022: Sverigemastarklassen"]
[Site "Fyrishov, Idrottsgatan 2, Uppsala, Sweden"]
[Date "2022.07.06"]
[Round "5.3"]
[White "Johansson, Linus"]
[Black "Hector, Jonny"]
[Result "1/2-1/2"]
[TimeControl "90 minutes for 40 moves + 30 minutes for the rest of the game + 30 seconds per move from move one."]
[WhiteTitle "IM"]
[BlackTitle "GM"]
[WhiteFideId "1711113"]
[BlackFideId "1700090"]
[WhiteElo "2468"]
[BlackElo "2441"]

1. d4 d5 2. c4 c6 3. Nf3 Nf6 4. Nc3 dxc4 5. a4 Bf5 6. Ne5 Nbd7 7. Nxc4 Qc7 8. g3 e5 9. dxe5 Nxe5 10.
Bf4 Nfd7 11. Bg2 Rd8 12. O-O Be6 13. Nxe5 Nxe5 14. Qc1 Qa5 15. Nb5 f6 16. Bxe5 fxe5 17. Qg5 cxb5 18. Qh5+ Bf7 19.
Qxe5+ Be7 20. Qxg7 Rg8 21. Qxh7 b4 22. Bxb7 Bf6 23. Rad1 Rxd1 24. Rxd1 Rh8 25. Qe4+ Kf8 26. Bd5 Qxa4 27.
Rd3 Qb5 28. Bxf7 Kxf7 29. Rd5 Qc6 30. Qf5 Ke7 31. Rc5 Qd6 32. Qe4+ Kf7 33. Qc4+ Qe6 34. Rc7+ Be7 35. Qf4+ Kg6 36.
Qd2 Rd8 37. Qc2+ Kh6 38. h4 b3 39. Qc1+ Kg6 40. Qb1+ Kh6 41. Qc1+ Kg6 42. Qf4 Rf8 43. Qd2 Rd8 44. Qf4 Rf8 45.
Qd2 Rd8 46. Qf4 1/2-1/2

[Event "Schack-SM 2022: Sverigemastarklassen"]
[Site "Fyrishov, Idrottsgatan 2, Uppsala, Sweden"]
[Date "2022.07.06"]
[Round "5.4"]
[White "Carlsson, Ludvig"]
[Black "Seo, Jung Min"]
[Result "0-1"]
[TimeControl "90 minutes for 40 moves + 30 minutes for the rest of the game + 30 seconds per move from move one."]
[WhiteTitle "IM"]
[BlackTitle "IM"]
[WhiteFideId "1727010"]
[BlackFideId "1734687"]
[WhiteElo "2399"]
[BlackElo "2492"]

1. e4 e5 2. Nf3 Nc6 3. Nc3 Nf6 4. d4 exd4 5. Nxd4 Bb4 6. Nxc6 bxc6 7. Bd3 O-O 8. O-O d5 9. Bd2 Rb8 10. Re1 Re8 11. a3 Be7 12.
e5 Nd7 13. b4 Bf8 14. f4 c5 15. Kh1 c6 16. Qf3 cxb4 17. axb4 Bxb4 18. Rxa7 Rb7 19. Rxb7 Bxb7 20. Qg3 Be7 21. Qh3 Nf8 22. Qg4 Nd7 23.
f5 Bf8 24. Qg3 d4 25. Nd1 Nc5 26. Nf2 Nxd3 27. cxd3 c5 28. Ng4 Kh8 29. h4 Qd5 30. Bg5 Ra8 31. Nf6 Qc6 32. Ne4 c4 33.
f6 cxd3 34. fxg7+ Bxg7 35. Nd6 Qd7 36. Rb1 d2 37. Bxd2 Bd5 38. Bg5 Rg8 39. Rf1 h6 40. Rf2 hxg5 41. hxg5 Ra8 42. e6 Bxe6 43.
Rf6 Rd8 44. Ne4 d3 45. Rf1 Qd4 46. Nf6 Bxf6 47. gxf6 Qg4 48. Qc7 Qh4+ 49. Kg1 Rg8 50. Rf4 Qe1+ 51. Rf1 Qg3 52. Qc6 Bh3 53.
Qd5 Qxg2+ 0-1

[Event "Schack-SM 2022: Sverigemastarklassen"]
[Site "Fyrishov, Idrottsgatan 2, Uppsala, Sweden"]
[Date "2022.07.06"]
[Round "5.5"]
[White "Jogstad, Martin"]
[Black "Hillarp, Tiger"]
[Result "0-1"]
[TimeControl "90 minutes for 40 moves + 30 minutes for the rest of the game + 30 seconds per move from move one."]
[WhiteTitle "FM"]
[BlackTitle "GM"]
[WhiteFideId "1715364"]
[BlackFideId "1700812"]
[WhiteElo "2384"]
[BlackElo "2516"]

1. d4 Nf6 2. c4 e6 3. Nc3 Bb4 4. a3 Bxc3+ 5. bxc3 c5 6. f3 Nc6 7. e4 e5 8. d5 Na5 9. Bd3 d6 10.
Ne2 b6 11. Ng3 Kd7 12. O-O Ne8 13. f4 f6 14. Nf5 Kc7 15. Ne3 Rb8 16. g4 exf4 17. Rxf4 Rb7 18. Ra2 Kb8 19. Rg2 Re7 20.
h4 Re5 21. Nf5 h6 22. Rf1 g5 23. Ne3 Rh7 24. Bd2 Rhe7 25. Qf3 Qd7 26. Nf5 Ba6 27. Nxh6 Bxc4 28. Nf5 gxh4 29. Nxe7 Qxe7 30.
Re1 Qd7 31. Bf4 Re7 32. Kh2 Bxd3 33. Qxd3 Qa4 34. g5 fxg5 35. Bxg5 Rg7 36. e5 Rxg5 37. Re4 Rxg2+ 38. Kxg2 c4 39.
Qd4 Qc2+ 40. Kh3 Nb3 41. Qxc4 Nd2 42. Qa4 Qd3+ 43. Kh2 Qg3+ 44. Kh1 Qf3+ 45. Kh2 Qf2+ 46. Kh1 Qf1+ 47. Kh2 Nf3# 0-1

[Event "Schack-SM 2022: Sverigemastarklassen"]
[Site "Fyrishov, Idrottsgatan 2, Uppsala, Sweden"]
[Date "2022.07.05"]
[Round "4.3"]
[White "Westerberg, Jonathan"]
[Black "Jogstad, Martin"]
[Result "1/2-1/2"]
[TimeControl "90 minutes for 40 moves + 30 minutes for the rest of the game + 30 seconds per move from move one."]
[WhiteTitle "GM"]
[BlackTitle "FM"]
[WhiteFideId "1701754"]
[BlackFideId "1715364"]
[WhiteElo "2476"]
[BlackElo "2384"]

1. Nf3 d5 2. g3 Nf6 3. Bg2 c5 4. O-O Nc6 5. c4 e6 6. b3 Be7 7. e3 O-O 8. Bb2 d4 9. exd4 cxd4 10.
Re1 Re8 11. d3 a5 12. a3 Qb6 13. Ne5 Nd7 14. Nxd7 Bxd7 15. Nd2 Bf8 16. Qh5 e5 17. Bd5 g6 18. Qf3 Nd8 19. Ne4 Kg7 20.
Rab1 f5 21. Nd2 Bc6 22. Qg2 Nf7 23. h4 Rad8 24. Bxc6 bxc6 25. h5 c5 26. hxg6 hxg6 27. Bc1 Qf6 28. g4 Qg5 29. gxf5 gxf5 30.
Nf1 Qxg2+ 31. Kxg2 Bd6 32. Ng3 Kf6 33. Bd2 Rg8 34. Kf3 Rde8 35. Nh5+ Ke7 36. Rg1 Rxg1 37. Rxg1 Rh8 38. Ng3 Ke6 39. Bxa5 Ng5+ 40. Ke2 e4 41.
Nxe4 Nxe4 42. dxe4 fxe4 43. Rg6+ Kd7 44. Rg7+ Ke6 45. Rg6+ Kd7 46. Rg7+ Ke6 1/2-1/2

[Event "Schack-SM 2022: Sverigemastarklassen"]
[Site "Fyrishov, Idrottsgatan 2, Uppsala, Sweden"]
[Date "2022.07.05"]
[Round "4.4"]
[White "Seo, Jung Min"]
[Black "Johansson, Linus"]
[Result "1/2-1/2"]
[TimeControl "90 minutes for 40 moves + 30 minutes for the rest of the game + 30 seconds per move from move one."]
[WhiteTitle "IM"]
[BlackTitle "IM"]
[WhiteFideId "1734687"]
[BlackFideId "1711113"]
[WhiteElo "2492"]
[BlackElo "2468"]

1. d4 Nf6 2. c4 e6 3. Nf3 d5 4. g3 Bb4+ 5. Bd2 Bd6 6. Bg2 O-O 7. O-O Nbd7 8. Qc2 c6 9. Rd1 Ne4 10.
Nc3 f5 11. Rac1 Qe8 12. Ng5 Nxd2 13. Qxd2 h6 14. Nf3 Kh8 15. c5 Bc7 16. b4 a6 17. e3 g5 18. a4 Qe7 19. b5 axb5 20.
axb5 e5 21. bxc6 bxc6 22. Nxe5 Nxe5 23. dxe5 Bxe5 24. Ne2 Qg7 25. Nd4 Bd7 26. Ra1 f4 27. Qb4 fxe3 28. fxe3 Rxa1 29. Rxa1 Bxd4 30.
exd4 Bf5 31. Rf1 Bg6 32. Rxf8+ Qxf8 33. Qe1 Qf6 34. Qe3 Kg7 35. h3 Kf7 36. Bf3 Qf5 37. Kg2 Qc2+ 38. Qf2 Ke7 39.
Qxc2 Bxc2 40. Kf2 Bf5 41. h4 Bd7 42. hxg5 hxg5 43. Ke3 Bf5 44. Bd1 Bd7 45. Bf3 Bf5 46. Bd1 Bd7 47. Bf3 1/2-1/2

[Event "Schack-SM 2022: Sverigemastarklassen"]
[Site "Fyrishov, Idrottsgatan 2, Uppsala, Sweden"]
[Date "2022.07.05"]
[Round "4.5"]
[White "Hillarp, Tiger"]
[Black "Blomqvist, Erik"]
[Result "0-1"]
[TimeControl "90 minutes for 40 moves + 30 minutes for the rest of the game + 30 seconds per move from move one."]
[WhiteTitle "GM"]
[BlackTitle "GM"]
[WhiteFideId "1700812"]
[BlackFideId "1709437"]
[WhiteElo "2516"]
[BlackElo "2521"]

1. d4 d5 2. c4 dxc4 3. Nf3 Nf6 4. e3 e6 5. Bxc4 c5 6. O-O a6 7. dxc5 Bxc5 8. Qxd8+ Kxd8 9. Nbd2 Ke7 10.
Be2 Bd7 11. Rd1 Bb5 12. Bxb5 axb5 13. Nb3 Bd6 14. Nfd4 Rd8 15. Bd2 b4 16. Rdc1 Kf8 17. Rc4 Nd5 18. e4 Nb6 19. Rc2 Rc8 20.
Rxc8+ Nxc8 21. Rc1 Nb6 22. Nb5 Be7 23. Rc7 Rxa2 24. Rxb7 N8d7 25. Bc1 Ke8 26. Kf1 Nc4 27. Ra7 Rxa7 28.
Nxa7 Nc5 29. Nd4 Nd3 30. Nb3 Kd7 31. Nb5 e5 32. Ke2 Nxc1+ 33. Nxc1 Kc6 34. Na7+ Kb7 0-1

[Event "Schack-SM 2022: Sverigemastarklassen"]
[Site "Fyrishov, Idrottsgatan 2, Uppsala, Sweden"]
[Date "2022.07.05"]
[Round "4.1"]
[White "Cramling, Pia"]
[Black "Carlsson, Ludvig"]
[Result "1-0"]
[TimeControl "90 minutes for 40 moves + 30 minutes for the rest of the game + 30 seconds per move from move one."]
[WhiteTitle "GM"]
[BlackTitle "IM"]
[WhiteFideId "1700030"]
[BlackFideId "1727010"]
[WhiteElo "2459"]
[BlackElo "2399"]

1. d4 d5 2. c4 e6 3. Nf3 c6 4. Qc2 dxc4 5. Qxc4 Nf6 6. g3 b5 7. Qc2 Bb7 8. Bg2 Nbd7 9. Ne5 Nxe5 10.
dxe5 Nd7 11. O-O Be7 12. Nc3 Qb8 13. Rd1 Nxe5 14. Ne4 Nd7 15. Be3 Qc7 16. Bc5 Nxc5 17. Nxc5 Bc8 18. Nxe6 1-0

[Event "Schack-SM 2022: Sverigemastarklassen"]
[Site "Fyrishov, Idrottsgatan 2, Uppsala, Sweden"]
[Date "2022.07.05"]
[Round "4.2"]
[White "Hector, Jonny"]
[Black "Smith, Axel"]
[Result "1-0"]
[TimeControl "90 minutes for 40 moves + 30 minutes for the rest of the game + 30 seconds per move from move one."]
[WhiteTitle "GM"]
[BlackTitle "GM"]
[WhiteFideId "1700090"]
[BlackFideId "1707930"]
[WhiteElo "2441"]
[BlackElo "2417"]

1. e4 e5 2. Nf3 Nf6 3. Nxe5 d6 4. Nf3 Nxe4 5. d4 d5 6. Bd3 Bd6 7. O-O O-O 8. c4 c6 9. Nc3 Nxc3 10.
bxc3 dxc4 11. Bxc4 Bf5 12. Ne5 Nd7 13. Qf3 Qf6 14. Nxd7 Bxd7 15. Qxf6 gxf6 16. Bh6 Rfe8 17. Rfd1 Re4 18.
Bd2 b5 19. Bd3 Ree8 20. a4 a5 21. c4 bxc4 22. Bxc4 Bb4 23. Be3 Rac8 24. Kf1 Bf5 25. Ke2 Re7 26. Rdc1 Be4 27. Bd3 Bd5 28.
Bf5 Rb8 29. Rc2 Bd6 30. h4 Rb3 31. Kf1 Reb7 32. Bd2 Bb4 33. Be3 Bd6 34. h5 Rb1+ 35. Rxb1 Rxb1+ 36. Ke2 Ra1 37. Bd7 Rxa4 38.
Bxc6 Ra2 39. Rxa2 Bxa2 40. Ba4 Bc4+ 41. Kd1 f5 42. h6 f4 43. Bd2 Bd5 44. f3 Bc4 45. Bxa5 f5 46. Bd7 Bd3 47.
Kd2 Bf1 48. Be6+ Kf8 49. Bxf5 Kf7 50. Ke1 Kf6 51. Bxh7 Bxg2 52. Bd8+ Kf7 53. Be4 Bf8 54. Bg5 Bh3 55. Bxf4 1-0

[Event "Schack-SM 2022: Sverigemastarklassen"]
[Site "Fyrishov, Idrottsgatan 2, Uppsala, Sweden"]
[Date "2022.07.04"]
[Round "3.1"]
[White "Hillarp, Tiger"]
[Black "Cramling, Pia"]
[Result "1-0"]
[TimeControl "90 minutes for 40 moves + 30 minutes for the rest of the game + 30 seconds per move from move one."]
[WhiteTitle "GM"]
[BlackTitle "GM"]
[WhiteFideId "1700812"]
[BlackFideId "1700030"]
[WhiteElo "2516"]
[BlackElo "2459"]

1. d4 Nf6 2. c4 e6 3. Nc3 Bb4 4. Qc2 O-O 5. a3 Bxc3+ 6. Qxc3 b6 7. Bg5 Bb7 8. e3 d6 9. Ne2 Nbd7 10.
Rd1 h6 11. Bh4 Ne4 12. Bxd8 Nxc3 13. Nxc3 Rfxd8 14. f3 c5 15. Kf2 Nf6 16. d5 exd5 17. cxd5 a6 18. a4 Bc8 19. e4 Bd7 20.
Rb1 Rdb8 21. b4 b5 22. bxc5 b4 23. Nd1 Bxa4 24. cxd6 Bc2 25. Ra1 a5 26. Ne3 Bxe4 27. fxe4 Nxe4+ 28. Kf3 Nxd6 29. Nc4 Nxc4 30. Bxc4 Rc8 31. Bb5 Rc3+ 32. Ke4 b3 33. Rhb1 Kf8 34. Kd4 Rc2 35. Rxb3 Rxg2 36. Bc6 Rd8 37.
h3 g5 38. Rxa5 h5 39. Raa3 h4 40. Kc5 Kg7 41. Kb6 1-0

[Event "Schack-SM 2022: Sverigemastarklassen"]
[Site "Fyrishov, Idrottsgatan 2, Uppsala, Sweden"]
[Date "2022.07.04"]
[Round "3.2"]
[White "Jogstad, Martin"]
[Black "Hector, Jonny"]
[Result "0-1"]
[TimeControl "90 minutes for 40 moves + 30 minutes for the rest of the game + 30 seconds per move from move one."]
[WhiteTitle "FM"]
[BlackTitle "GM"]
[WhiteFideId "1715364"]
[BlackFideId "1700090"]
[WhiteElo "2384"]
[BlackElo "2441"]

1. d4 d5 2. Nf3 Nf6 3. c4 c6 4. cxd5 cxd5 5. Nc3 Nc6 6. Bf4 Bf5 7. e3 e6 8. Qb3 Bb4 9. Ne5 Bxc3+ 10. bxc3 Nxe5 11. Bxe5 O-O 12. f3 Qa5 13. Be2 Rfc8 14. Rc1 Nd7 15. Bd6 Nb6 16. Bb4 Qa4 17. Bc5 Qc6 18. Bb5 Qc7 19.
O-O Nc4 20. Bxc4 dxc4 21. Qa3 Bd3 22. Rf2 Rd8 23. e4 f6 24. Qb2 b6 25. Ba3 Rab8 26. Re1 e5 27. d5 b5 28. Qc1 a5 29.
Bb2 b4 30. Qe3 f5 31. exf5 Rxd5 32. cxb4 c3 33. Bc1 axb4 34. Qg5 Qd8 35. Qh5 Bc4 36. Bg5 Rd1 37. Rfe2 Qd3 38. Kf2 Rd2 39. Rxd2 cxd2 40. Rd1 Qe2+ 41.
Kg3 Qxd1 42. Bd8 Rxd8 0-1

[Event "Schack-SM 2022: Sverigemastarklassen"]
[Site "Fyrishov, Idrottsgatan 2, Uppsala, Sweden"]
[Date "2022.07.04"]
[Round "3.3"]
[White "Smith, Axel"]
[Black "Seo, Jung Min"]
[Result "0-1"]
[TimeControl "90 minutes for 40 moves + 30 minutes for the rest of the game + 30 seconds per move from move one."]
[WhiteTitle "GM"]
[BlackTitle "IM"]
[WhiteFideId "1707930"]
[BlackFideId "1734687"]
[WhiteElo "2417"]
[BlackElo "2492"]

1. c4 e6 2. Nc3 Bb4 3. e4 Ne7 4.
Nf3 O-O 5. d4 d6 6. Be2 Nbc6 7. O-O e5 8. dxe5 Nxe5 9. Qc2 N7c6 10. Rd1 Nxf3+ 11. Bxf3 Bc5 12. Na4 Nd4 13. Qc3 Qf6 14.
Nxc5 dxc5 15. Kh1 Qe5 16. Rg1 Be6 17. Be3 Rfd8 18. Bxd4 Rxd4 19. b3 b6 20. Rad1 Rad8 21. Qc2 a5 22.
Rge1 g6 23. Kg1 a4 24. g3 R8d6 25. Kg2 h5 26. h4 a3 27. Rxd4 Qxd4 28. Rc1 Qb2 29. Qxb2 axb2 30. Rb1 Rd2 31. Bd1 Bg4 32. Bxg4 hxg4 33.
a3 Kf8 34. b4 cxb4 35. axb4 Ke7 0-1

[Event "Schack-SM 2022: Sverigemastarklassen"]
[Site "Fyrishov, Idrottsgatan 2, Uppsala, Sweden"]
[Date "2022.07.04"]
[Round "3.4"]
[White "Blomqvist, Erik"]
[Black "Westerberg, Jonathan"]
[Result "1/2-1/2"]
[TimeControl "90 minutes for 40 moves + 30 minutes for the rest of the game + 30 seconds per move from move one."]
[WhiteTitle "GM"]
[BlackTitle "GM"]
[WhiteFideId "1709437"]
[BlackFideId "1701754"]
[WhiteElo "2521"]
[BlackElo "2476"]

1. e4 Nf6 2. e5 Nd5 3. d4 d6 4. Nf3 dxe5 5.
Nxe5 c6 6. Bc4 g6 7. Nc3 Be6 8. Ne4 f6 9. Nc5 Bg8 10. Nf3 b6 11. Nd3 Nc3 12. Qd2 Bxc4 13. Qxc3 Bd5 14. Nf4 Qd7 15.
O-O Bg7 16. Re1 O-O 17. Bd2 Re8 18. Re2 Na6 19. Rae1 Nc7 20. Nxd5 cxd5 21. Bf4 Nb5 22. Qd3 e6 23. h4 Nd6 24.
Bxd6 Qxd6 25. h5 g5 26. Nh2 Qd7 27. Ng4 Qf7 28. h6 Bf8 29. c4 Rad8 30. cxd5 Rxd5 31. Qc4 f5 32. Ne5 Qf6 33.
Nf3 Rd6 34. d5 exd5 35. Qd4 Rxe2 36.
Rxe2 Qxd4 37. Nxd4 f4 38.
Re5 Kf7 39. Rf5+ Ke8 40. Rxg5 Bxh6 41. Rh5 Bg7 42. Nf5 Rd7 43. Nxg7+ Rxg7 44. Rxd5 Rc7 45. Rd2 Rc1+ 46. Kh2 h5 47.
f3 Ra1 48. a3 Rb1 49. b4 Ra1 50. b5 Rxa3 51. Kh3 Ra5 52. Rb2 Kf7 53. Kh4 Kg6 54. Rb4 Kh6 1/2-1/2

[Event "Schack-SM 2022: Sverigemastarklassen"]
[Site "Fyrishov, Idrottsgatan 2, Uppsala, Sweden"]
[Date "2022.07.04"]
[Round "3.5"]
[White "Johansson, Linus"]
[Black "Carlsson, Ludvig"]
[Result "1-0"]
[TimeControl "90 minutes for 40 moves + 30 minutes for the rest of the game + 30 seconds per move from move one."]
[WhiteTitle "IM"]
[BlackTitle "IM"]
[WhiteFideId "1711113"]
[BlackFideId "1727010"]
[WhiteElo "2468"]
[BlackElo "2399"]

1. d4 d5 2. c4 e6 3. Nf3 Nf6 4. Nc3 Be7 5. Bf4 O-O 6. e3 b6 7. Bd3 c5 8. dxc5 dxc4 9. Bxc4 Bxc5 10.
O-O Ba6 11. Bxa6 Nxa6 12. a3 Be7 13. b4 Nc7 14. Qxd8 Bxd8 15. e4 a5 16. b5 Rc8 17. Nd4 Be7 18. Na4 Nd7 19. Bxc7 Rxc7 20.
Nc6 Bc5 21. Rfd1 f6 22. Kf1 Kf7 23. Rd3 Ne5 24. Nxc5 bxc5 25. Rc3 Nxc6 26. Rxc5 Rfc8 27. Rac1 Ke7 28. bxc6 a4 29. Ke2 Kd6 30.
Kd3 g5 31. f3 Rb8 32. R5c3 h5 33. g3 e5 34. h4 Rb2 35.
R1c2 Rb1 36. Rc1 Rb2 37. hxg5 fxg5 38. Rh1 Rg2 39. Rxh5 Rxg3 40. Rh6+ Ke7 41. Ke3 g4 42. Rh7+ Kd8 43.
Rd3+ Kc8 44. Rh8# 1-0

[Event "Schack-SM 2022: Sverigemastarklassen"]
[Site "Fyrishov, Idrottsgatan 2, Uppsala, Sweden"]
[Date "2022.07.03"]
[Round "2.1"]
[White "Cramling, Pia"]
[Black "Johansson, Linus"]
[Result "1/2-1/2"]
[TimeControl "90 minutes for 40 moves + 30 minutes for the rest of the game + 30 seconds per move from move one."]
[WhiteTitle "GM"]
[BlackTitle "IM"]
[WhiteFideId "1700030"]
[BlackFideId "1711113"]
[WhiteElo "2459"]
[BlackElo "2468"]

1. Nf3 d5 2. d4 Nf6 3. c4 e6 4. Nc3 Nbd7 5. cxd5 exd5 6. Bg5 c6 7. Qc2 Be7 8. e3 Nh5 9. Bxe7 Qxe7 10.
O-O-O Nb6 11. h3 Be6 12. Bd3 O-O-O 13. Kb1 Kb8 14. Rc1 g6 15. Na4 Nxa4 16. Qxa4 Ng7 17. Rc3 Bf5 18. Rd1 Rc8 19.
Ra3 a6 20. Rb3 Ka8 21. Qa5 Qc7 22. Qxc7 Rxc7 23. Kc2 Re7 24. Rc3 Bxd3+ 25. Kxd3 Nf5 26. a4 Nd6 27. Rc2 f6 28. b3 Kb8 29.
h4 Kc7 30. a5 Ne4 31. Ke2 h6 32. Nd2 Nxd2 33. Kxd2 f5 34. g3 g5 35. Rh1 g4 36. Rhc1 Kd6 37. Rc5 Rb8 38. Kd3 Rh8 39.
R5c2 Rb8 40. Rc5 Rh8 41. R5c2 Rb8 1/2-1/2

[Event "Schack-SM 2022: Sverigemastarklassen"]
[Site "Fyrishov, Idrottsgatan 2, Uppsala, Sweden"]
[Date "2022.07.03"]
[Round "2.2"]
[White "Seo, Jung Min"]
[Black "Jogstad, Martin"]
[Result "1-0"]
[TimeControl "90 minutes for 40 moves + 30 minutes for the rest of the game + 30 seconds per move from move one."]
[WhiteTitle "IM"]
[BlackTitle "FM"]
[WhiteFideId "1734687"]
[BlackFideId "1715364"]
[WhiteElo "2492"]
[BlackElo "2384"]

1. d4 d5 2. c4 e6 3. Nc3 Nf6 4. cxd5 exd5 5. Bg5 c6 6. e3 Be7 7. Bd3 O-O 8. Qc2 h6 9. Bh4 Ne8 10.
Bxe7 Qxe7 11. Nge2 Nd6 12. O-O Bg4 13. Ng3 Nd7 14. Rae1 Be6 15. f3 f5 16. Na4 Rae8 17. Nc5 Kh8 18.
b3 Qg5 19. Qc1 Qe7 20. Ne2 Bf7 21. Bb1 Nf6 22. Ng3 Bg6 23. Qd2 Bh7 24. Bc2 Nd7 25. Nxd7 Qxd7 26. Ne2 Rf7 27. Nf4 Rfe7 28.
Nd3 Qe6 29. f4 Ne4 30. Qc1 Qd6 31. Ne5 Nf6 32. Bd3 Rc7 33. Qb1 Qe6 34. b4 Rec8 35. a4 Ne8 36. Rc1 Nd6 37. Qb3 Bg6 38.
Rc3 Be8 39. Rfc1 Qe7 40. Qc2 g6 41. b5 Kg7 42. a5 Nf7 43. bxc6 bxc6 44. Rc5 Rb8 45. Rxd5 Rcb7 46. Rc5 Rb2 47.
Qd1 Qh4 48. R5c2 Nxe5 49. dxe5 Bf7 50. Qe2 Rxc2 51. Qxc2 Bd5 52. g3 Qe7 53. e4 fxe4 54. Bxe4 Qb4 55. Bxd5 Qd4+ 56. Qf2 Qxf2+ 57. Kxf2 Rb2+ 58. Ke3 cxd5 59. Rc7+ Kg8 60. Rxa7 Rxh2 61. a6 Rg2 62. Rb7 1-0

[Event "Schack-SM 2022: Sverigemastarklassen"]
[Site "Fyrishov, Idrottsgatan 2, Uppsala, Sweden"]
[Date "2022.07.03"]
[Round "2.3"]
[White "Hector, Jonny"]
[Black "Blomqvist, Erik"]
[Result "1-0"]
[TimeControl "90 minutes for 40 moves + 30 minutes for the rest of the game + 30 seconds per move from move one."]
[WhiteTitle "GM"]
[BlackTitle "GM"]
[WhiteFideId "1700090"]
[BlackFideId "1709437"]
[WhiteElo "2441"]
[BlackElo "2521"]

1. e4 c5 2. Nf3 e6 3. d4 cxd4 4. Nxd4 Nf6 5. Nc3 Nc6 6. Nxc6 bxc6 7. e5 Nd5 8. Ne4 Qc7 9. f4 Qb6 10.
c4 Ne3 11. Qd3 Bb4+ 12. Bd2 Ba6 13. b3 O-O 14. Bxb4 Qxb4+ 15. Kf2 Nd5 16. g3 f6 17. exf6 gxf6 18. Kg2 f5 19. Ng5 Rae8 20.
Nf3 Re7 21. Qd2 Qxd2+ 22. Nxd2 Ne3+ 23. Kf3 Nc2 24. Rc1 Nd4+ 25. Kf2 e5 26. fxe5 f4 27. gxf4 Rxf4+ 28. Ke3 Rh4 29. Rg1+ Kf8 30.
h3 Rxe5+ 31. Kd3 c5 32. Bg2 Ne2 33. Rgf1+ Nf4+ 34. Kc2 Ke7 35. Rce1 d6 36. Ba8 Ng2 37. Bxg2 1-0

[Event "Schack-SM 2022: Sverigemastarklassen"]
[Site "Fyrishov, Idrottsgatan 2, Uppsala, Sweden"]
[Date "2022.07.03"]
[Round "2.4"]
[White "Carlsson, Ludvig"]
[Black "Smith, Axel"]
[Result "1-0"]
[TimeControl "90 minutes for 40 moves + 30 minutes for the rest of the game + 30 seconds per move from move one."]
[WhiteTitle "IM"]
[BlackTitle "GM"]
[WhiteFideId "1727010"]
[BlackFideId "1707930"]
[WhiteElo "2399"]
[BlackElo "2417"]

1. e4 e5 2. Nc3 Nf6 3. Nf3 Bb4 4. Nxe5 O-O 5. Be2 Re8 6. Nd3 Bxc3 7. dxc3 Nxe4 8. O-O d6 9. Nf4 Nd7 10.
Be3 Ndf6 11. a4 a5 12. Re1 b6 13. Nd5 Bb7 14. Nxf6+ Nxf6 15. Bb5 c6 16. Bf1 Nd5 17. Bd2 Rxe1 18.
Qxe1 Qd7 19. f3 Re8 20. Qf2 c5 21. b3 Ne7 22. c4 d5 23. cxd5 Nxd5 24. Re1 Rxe1 25. Qxe1 Nb4 26. c3 Nc6 27.
Bf4 Ne7 28. Qe5 Nd5 29. Bg3 f6 30. Qb8+ Qc8 31. Qd6 Qf8 32. c4 Qxd6 33. Bxd6 Ne3 34. Bd3 Bc8 35. Bc7 Nf5 36. Bc2 Ne3 37.
Be4 Nf5 38. Bxb6 Nd4 39. Bd5+ Kh8 40. Bxa5 Nxb3 41. Bc3 h5 42. Kf2 Kh7 43. Ke3 Kg6 44. Be4+ Kf7 45. Bc2 Nc1 46. Bd2 Na2 47.
Bb3 Nb4 48. Bxb4 cxb4 49. c5+ Ke7 50. g3 g5 51. h4 Kd7 52. Kd4 f5 53. f4 gxh4 54. gxh4 Kc6 55. Bd5+ 1-0